 Dungeon Crawl Stone Soup version 0.22-a0-246-gdc04c06 (webtiles) character file.

651455 MatthieuS the Acrobat (level 27, -6/204 (206) HPs)
             Began as a Minotaur Assassin on Feb 21, 2018.
             Was the Champion of the Shining One.
             Killed from afar by an ancient lich (20 damage)
             ... with a bolt of acid
             ... on level 5 of the Realm of Zot on Feb 22, 2018.
             The game lasted 03:27:07 (58407 turns).

MatthieuS the Acrobat (Minotaur Assassin)          Turns: 58407, Time: 03:27:08

HP:   -6/204 (206)  AC: 26    Str: 32 (33) XL:     27
MP:   23/28         EV: 23    Int:  6 (11) God:    the Shining One [******]
Gold: 3662          SH: 30    Dex: 21      Spells: 26/26 levels left

rFire    + + +     SeeInvis .   a - +7 sacred scourge (holy)
rCold    + + .     Gourm    .   Z - +3 large shield of the Greedy {Int+3}
rNeg     + + +     Faith    .   T - +1 gold dragon scales
rPois    +         Spirit   .   N - +2 hat
rElec    +         Reflect  .   U - scarf {rC+ rF+}
rCorr    .         Harm     .   V - +3 pair of gauntlets of War {Slay+5}
MR       +++++     Clarity  +   M - +2 pair of boots Stlth ..........Rnd*Tele +
                                I - amulet of the Four Winds {rN+ MR+++ Clar}
HPRegen  0.44/turn              Y - ring "Eluomm" {rPois rF+ Str+3}
MPRegen  0.21/turn              z - ring "Daeppelyo" {rElec MR+ Str+8}

@: corroded, glowing
A: retaliatory headbutt, horns 2, berserk 1, deformed body, deterioration 1,
frail 2, low mp 2, sense surroundings 1, strong 1, teleportitis 1, subdued magic
1, MP-powered wands
}: 3/15 runes: barnacled, silver, gossamer
a: Divine Shield, Cleansing Flame, Summon Divine Warrior, Renounce Religion


You were on level 5 of the Realm of Zot.
You worshipped the Shining One.
The Shining One was exalted by your worship.
You were not hungry.

You visited 8 branches of the dungeon, and saw 46 of its levels.
You also visited: Labyrinth and Volcano.

You collected 8369 gold pieces.
You spent 4707 gold pieces at shops.

Inventory:

Hand Weapons
 a - a +7 sacred scourge of holy wrath (weapon)
 w - the +3 sling "Punk" {acid, rCorr}
   (You took it off a tengu warrior on level 4 of the Depths)

   It protects you from acid and corrosion.
 x - a +8 blowgun
 X - a +4 fustibalus of velocity
Missiles
 d - 7 curare-tipped needles
 e - 4 sling bullets
 q - 1133 stones (quivered)
 y - 9 throwing nets
 D - 23 poisoned needles
Armour
 M - a +2 pair of boots (worn)
 N - a +2 hat (worn)
 T - +1 gold dragon scales (worn)
 U - a scarf of resistance (worn)
 V - the +3 pair of gauntlets of War (worn) {Slay+5}
   (You acquired it on level 4 of the Depths)

   It affects your accuracy and damage with ranged weapons and melee attacks
   (+5).
 Z - the +3 large shield of the Greedy (worn) {Int+3}
   (You acquired it on level 4 of the Depths)

   It affects your intelligence (+3).
Jewellery
 g - an uncursed ring of resist corrosion
 l - the ring "Ihuheac" {rPois Str+3 Int+9 Dex-3 SInv}
   (You took it off a tengu warrior on level 4 of the Depths)

   [ring of see invisible]

   It affects your strength (+3).
   It affects your intelligence (+9).
   It affects your dexterity (-3).
   It protects you from poison.
   It lets you see invisible.
 z - the ring "Daeppelyo" (right hand) {rElec MR+ Str+8}
   (You took it off a deep elf knight on level 5 of the Vaults)

   [ring of protection from magic]

   It affects your strength (+8).
   It insulates you from electricity.
   It affects your resistance to hostile enchantments.
 I - the amulet of the Four Winds (around neck) {rN+ MR+++ Clar}
   (You took it off a vault sentinel on level 5 of the Vaults)

   [amulet of nothing]

   It protects you from negative energy.
   It affects your resistance to hostile enchantments.
   It protects you against confusion.
 S - the ring "Kebeeg" {AC+4 Str+4}
   (You found it on level 6 of the Lair of Beasts)

   [ring of protection]

   It affects your AC (+4).
   It affects your strength (+4).
 Y - the ring "Eluomm" (left hand) {rPois rF+ Str+3}
   (You took it off a hell knight on level 4 of the Depths)

   [ring of strength]

   It affects your strength (+3).
   It protects you from fire.
   It protects you from poison.
Wands
 p - a wand of digging (29)
 B - a wand of acid (35)
 R - a wand of polymorph (15)
Scrolls
 b - 3 scrolls of holy word
 f - 3 scrolls of fear
 i - 27 scrolls of remove curse
 m - 26 scrolls of teleportation
 n - 3 scrolls of fog
 o - 6 scrolls of magic mapping
 r - 18 scrolls of identify
 A - 5 scrolls of summoning
 H - a scroll of silence
 Q - 3 scrolls of immolation
 W - 2 scrolls of blinking
Potions
 h - 2 potions of flight
 s - 14 potions of heal wounds
 t - 8 potions of resistance
 u - 22 potions of curing
 v - 8 potions of ambrosia
 C - 6 potions of might
 E - 3 potions of magic
 F - 5 potions of mutation
 J - 5 potions of cancellation
 K - 12 potions of haste
 P - 3 potions of berserk rage
Comestibles
 c - 85 rations


   Skills:
 + Level 23.0 Fighting
   Level 2.1 Short Blades
   Level 10.1(16.9) Axes
 + Level 21.2(21.8) Maces & Flails
 - Level 18.0(18.1) Slings
   Level 3.6 Bows
 - Level 2.0(11.5) Throwing
 + Level 22.9 Armour
 + Level 23.1 Dodging
 - Level 3.2 Stealth
 + Level 22.4 Shields
 + Level 19.0 Invocations


You had 26 spell levels left.
You didn't know any spells.

Dungeon Overview and Level Annotations

Branches:
Dungeon (15/15)            Temple (0/1) D:5            Lair (6/6) D:10
 Shoals (4/4) Lair:4       Spider (4/4) Lair:4        Slime (0/5) Lair:6
    Orc (2/2) D:9             Elf (0/3) Orc:2        Vaults (5/5) D:13
  Crypt (0/3) Vaults:3     Depths (5/5) D:15            Zot (5/5) Depths:5

Altars:
Dithmenos
Fedhas
Gozag
Kikubaaqudgha
Nemelex Xobeh
Qazlal
Ru
Sif Muna
Trog
Yredelemnul
The Shining One
Beogh

Shops:
D:5 *[?*}   D:10 =   D:13 %   Orc:2 (?(=   Vaults:4 !   Vaults:5 !??
Depths:2 =

Portals:
Hell: Depths:1 Depths:2 Depths:3 Depths:4 Depths:5
Abyss: Depths:4
Pandemonium: Depths:2 Depths:3
Ziggurat: Depths:2

Annotations:
D:6 1 runed door


Innate Abilities, Weirdness & Mutations

You reflexively headbutt those who attack you in melee.
You have a pair of horns on your head.
You tend to lose your temper in combat.
Armour fits poorly on your strangely shaped body.
Your body sometimes deteriorates upon taking damage.
You are very frail. (-20% HP)
Your magical capacity is very low. (-20% MP)
You passively map a small area around you.
Your muscles are strong. (Str +2)
You are occasionally teleported next to monsters.
Your spells are a little easier to cast, but a little less powerful.
You expend magic power (3 MP) to strengthen your wands.


Message History

You feel your intelligence returning.
The golden flame engulfs the golden dragon.
The golden dragon is severely wounded.
You feel somewhat more hungry.
You hear a shout!
The ancient lich gestures at you while chanting.
The bolt of acid hits you!
* * * LOW HITPOINT WARNING * * *
Your body deteriorates!
You feel weakened. The acid corrodes you!
You are splashed with acid!
The acid burns!
* * * LOW HITPOINT WARNING * * *
The golden dragon breathes cold at you.
The bolt of cold hits the ancient lich.
The ancient lich resists.
The bolt of cold hits you! You resist.
* * * LOW HITPOINT WARNING * * *
You hit the ancient lich but do no damage.
The ancient lich is severely damaged.
The ancient lich casts a spell at you. The bolt of acid hits you!
You die...

# *,,,,,,,,,,,,,,,,,,,,*
## *,,,,[..............,*
.# *,,,,...............,*
.#* *,,,,...^...........,*
.X#**,,,,...............,*
..X#**,,,....^..........**
#....**,,.......D§.....#*
*##...,,,.......L.....#*
*▓▓▓▓▓▓▓▓▓▓▓##@...8▓▓
▓▓▓▓............%..▓▓
##▓..!................▓*
##........^...^.........**
#...............^.......,*
▓..................^/...,*
▓.......................**
▓^...........^.........▓*
...)).................▓▓


You could see a golden dragon and an ancient lich.

Vanquished Creatures
  5 orbs of fire
  Mara (Vaults:3)
  5 juggernauts
  The ghost of enarc13 the Octopoid Blade, a legendary OpEE of Dithmenos (Zot:5)
  3 ancient liches (Zot:5)
  Sojobo (Vaults:3)
  Xtahua (Depths:3)
  3 Killer Klowns (Zot:5)
  12 golden dragons
  3 curse toes
  Nikola (Vaults:1)
  7 caustic shrikes
  the Enchantress (Depths:1)
  2 bone dragons (Depths:5)
  2 liches
  A Brimstone Fiend (Shoals:3)
  2 electric golems
  27 tentacled monstrosities
  Jorgrun (Shoals:2)
  17 Orb Guardians (Zot:5)
  5 quicksilver dragons
  Polyphemus (Shoals:4)
  A kraken (Shoals:1)
  11 death cobs
  13 storm dragons
  13 shadow dragons
  Frances (D:12)
  5 sphinxes
  6 tengu reavers
  6 draconian monks
  The ghost of Partyfoot the Martial Artist, an adept DsGl of Wu Jian (Spider:4)
  Donald (Vaults:1)
  Ilsuiw (Shoals:4)
  14 fire giants
  5 iron dragons
  A balrug (Depths:4)
  3 draconian scorchers
  A deep elf sorcerer (Vaults:2)
  12 frost giants
  5 draconian knights
  6 emperor scorpions
  21 vault wardens
  6 ghost moths
  4 draconian stormcallers
  11 ironheart preservers
  A war gargoyle (Vaults:1)
  7 draconian shifters
  An orc warlord (Vaults:2)
  32 stone giants
  3 spriggan defenders (Depths:1)
  7 draconian annihilators
  A reaper (Depths:4)
  15 very ugly things
  2 entropy weavers
  4 vampire knights
  11 red draconians
  8 yellow draconians
  2 deep elf demonologists
  5 black draconians
  Nessos (Orc:2)
  14 white draconians
  10 green draconians
  2 deep elf annihilators
  8 purple draconians
  A minotaur (Lab)
  A large abomination (Depths:4)
  13 spark wasps
  7 merfolk javelineers
  A blizzard demon (Depths:4)
  17 ettins
  19 fire dragons
  20 yaktaur captains
  7 great orbs of eyes
  8 merfolk impalers
  8 hydras
  4 deep elf high priests
  4 small abominations (Depths:4)
  19 ogre magi
  41 vault guards
  6 ice dragons
  3 rakshasas
  4 spriggan air magi
  4 catoblepae
  8 merfolk avatars
  8 centaur warriors
  53 two-headed ogres
  A death knight (Vaults:3)
  6 merfolk aquamancers
  12 deep troll shamans
  2 satyrs
  An alligator snapping turtle (Shoals:1)
  A dancing weapon (Vaults:5)
  An orc high priest (Orc:2)
  19 tengu warriors
  9 death yaks
  9 deep troll earth magi
  9 spriggan berserkers
  3 sun demons (Depths:4)
  3 soul eaters (Depths:4)
  3 deep elf knights
  2 iron trolls (Depths:3)
  Nergalle (D:11)
  A golden dragon zombie (Depths:2)
  A fire crab (shapeshifter) (Depths:3)
  16 hell knights
  8 skeletal warriors
  A fire crab (D:15)
  3 shadow wraiths
  2 quicksilver dragon simulacra (Depths:4)
  An unseen horror (shapeshifter) (Depths:5)
  A death drake (shapeshifter) (Vaults:5)
  A sea snake (shapeshifter) (Depths:3)
  A deep elf archer (Vaults:5)
  6 wizards
  18 sea snakes
  5 unseen horrors
  6 flayed ghosts
  14 ironbrand convokers
  An orange crystal statue (Zot:5)
  14 harpies
  35 deep trolls
  11 deep elf magi
  9 necromancers
  An oklob plant (Lair:6)
  24 orc knights
  A phantasmal warrior (Vaults:5)
  2 orc sorcerers
  6 glowing orange brains
  22 orb spiders
  47 wolf spiders
  A wolf spider (shapeshifter) (Vaults:2)
  9 fauns
  15 manticores
  A shadow dragon skeleton (Vaults:4)
  A harpy (shapeshifter) (Vaults:3)
  2 human zombies (Vaults:5)
  A tengu skeleton (Depths:2)
  9 cyclopes
  A manticore (shapeshifter) (D:14)
  30 ugly things
  A frost giant zombie (Vaults:4)
  3 centaur zombies
  A cyclops (shapeshifter) (Vaults:4)
  27 moths of wrath
  The ghost of bombasticus the Slasher, a novice GrBe of Trog (D:6)
  A black mamba (shapeshifter) (Vaults:4)
  12 elephants
  6 black mambas
  7 rust devils (Depths:4)
  An ice statue (Depths:4)
  11 merfolk sirens
  Psyche (D:11)
  11 spiny frogs
  2 torpor snails
  5 water nymphs
  21 vault sentinels
  9 centaur skeletons
  A molten gargoyle (Lair:5)
  6 efreet
  A kobold demonologist (D:14)
  13 freezing wraiths
  2 spriggan zombies (Depths:2)
  A komodo dragon (shapeshifter) (Vaults:2)
  76 yaktaurs
  7 komodo dragons
  An ice devil (Depths:4)
  A rime drake (Lair:3)
  A queen bee (D:9)
  4 tengu conjurers
  A polar bear (shapeshifter) (Depths:2)
  A yaktaur skeleton (Vaults:5)
  3 polar bears
  12 demonic crawlers
  24 merfolk
  A wind drake (shapeshifter) (Vaults:1)
  10 trolls
  11 wind drakes
  32 jumping spiders
  8 blink frogs
  38 slime creatures
  13 hornets
  A hippogriff (shapeshifter) (Vaults:1)
  7 snapping turtles
  2 dream sheep (Shoals:4)
  10 hippogriffs
  A flying skull (Depths:4)
  4 shadows (Depths:4)
  2 spriggans (Depths:1)
  2 ettin zombies
  41 tarantellas
  5 wraiths
  3 redbacks (shapeshifter)
  85 redbacks
  3 centaur simulacra
  50 yaks
  2 vampires
  2 wyverns
  14 water elementals
  A fire elemental (Lair:5)
  2 hungry ghosts
  3 basilisks
  6 wargs
  2 acid dragons
  A deep troll zombie (Vaults:4)
  2 floating eyes
  A floating eye (shapeshifter) (Vaults:5)
  12 water moccasins
  6 hell hounds
  65 orc warriors
  14 porcupines
  4 eyes of draining
  2 ice beasts
  6 ettin simulacra (Depths:4)
  3 phantoms
  3 sky beasts
  2 black bears (D:11)
  A necrophage (D:12)
  38 ogres
  39 centaurs
  5 wolves (Lair:6)
  The ghost of RedSky the Gusty, an amateur DrAE (D:3)
  6 boggarts
  10 crocodiles
  17 bullfrogs
  A wyvern zombie (D:10)
  A gnoll sergeant (D:10)
  6 scorpions
  4 jellies
  27 killer bees
  An electric eel (Lair:4)
  5 wights (D:12)
  9 crimson imps
  A lava snake (Lair:5)
  A quasit (D:11)
  18 orc priests
  5 hounds
  23 orc wizards
  A bullfrog skeleton (D:7)
  A gnoll shaman (D:6)
  5 iguanas
  9 worker ants
  5 hell rats (Lair:4)
  A hound zombie (D:10)
  2 hound skeletons
  A worker ant zombie (D:10)
  15 gnolls
  13 adders
  4 shadow imps
  A white imp (Depths:3)
  2 adder zombies
  3 worms
  2 dart slugs (D:1)
  5 leopard geckos
  83 orcs
  6 bats
  4 giant cockroaches
  8 goblins
  7 hobgoblins
  11 jackals
  14 kobolds
  2 quokkas
  3 ball pythons
  3 frilled lizards
  A quokka zombie (D:5)
  4 rats
  2 crawling corpses (Depths:4)
  A fungus (Lair:5)
  2 plants (Shoals:4)
  2 tentacles (Shoals:1)
2249 creatures vanquished.

Vanquished Creatures (collateral kills)
  A caustic shrike (Depths:4)
  A quicksilver dragon (Depths:4)
  A tengu reaver (Vaults:3)
  A draconian knight (Zot:5)
  A vault warden (Vaults:2)
  A very ugly thing (Depths:4)
  A deep elf annihilator (Vaults:2)
  An ettin (Depths:4)
  2 merfolk javelineers
  An ice dragon (Depths:4)
  A two-headed ogre (Vaults:2)
  A death knight (Vaults:2)
  A tengu warrior (Depths:4)
  A spriggan berserker (Depths:4)
  3 hell knights (Depths:4)
  A skeletal warrior (Depths:4)
  A necromancer (Depths:4)
  An orc knight (Vaults:2)
  2 ugly things (Depths:4)
  3 fauns (Shoals:2)
  A rust devil (Depths:4)
  A merfolk siren (Shoals:2)
  A freezing wraith (Vaults:2)
  5 merfolk
  2 wind drakes (Shoals:4)
  A slime creature (Depths:4)
  2 wraiths (Depths:4)
  3 yaks (Lair:5)
  An ogre (Vaults:2)
43 creatures vanquished.

Vanquished Creatures (others)
  A black draconian (Zot:3)
  A spark wasp (Depths:4)
  2 deep elf high priests
  A death yak (Shoals:4)
  A deep troll (Depths:1)
  An orc sorcerer (Vaults:4)
  A slime creature (Depths:1)
  A redback (Spider:4)
  A floating eye (shapeshifter) (Depths:4)
  3 orc warriors
  3 orcs
  8 fungi
  5 plants
  4 tentacles (Shoals:1)
33 creatures vanquished.

Grand Total: 2325 creatures vanquished

Notes
Turn   | Place    | Note
-------+----------+-------------------------------------------
     0 | D:1      | MatthieuS the Minotaur Assassin began the quest for the Orb.
     0 | D:1      | Reached XP level 1. HP: 18/18 MP: 0/0
   114 | D:1      | Reached skill level 1 in Armour
   114 | D:1      | Reached XP level 2. HP: 25/25 MP: 1/1
   572 | D:1      | Reached skill level 1 in Axes
   739 | D:1      | Reached XP level 3. HP: 24/31 MP: 2/2
  1678 | D:2      | Reached skill level 1 in Maces & Flails
  2094 | D:2      | Reached XP level 4. HP: 38/38 MP: 3/3
  2432 | D:3      | Noticed RedSky's ghost (amateur DrAE)
  2433 | D:3      | Gained mutation: You passively map a small area around you. [potion of mutation]
  2433 | D:3      | Gained mutation: Your spells are a little easier to cast, but a little less powerful. [potion of mutation]
  2433 | D:3      | Gained mutation: Your muscles are strong. (Str +2) [potion of mutation]
  2446 | D:3      | Killed RedSky's ghost
  2446 | D:3      | Reached XP level 5. HP: 17/46 MP: 4/4
  2818 | D:4      | Found a glowing golden altar of the Shining One.
  2830 | D:4      | Found an ancient bone altar of Kikubaaqudgha.
  2830 | D:4      | Found a bloodstained altar of Trog.
  2841 | D:4      | Became a worshipper of the Shining One
  3272 | D:4      | Reached XP level 6. HP: 52/52 MP: 5/5
  3332 | D:4      | Found a stormy altar of Qazlal.
  3338 | D:4      | Noticed an ice beast
  3343 | D:4      | Killed an ice beast
  3707 | D:5      | Entered Level 5 of the Dungeon
  3726 | D:5      | Reached skill level 5 in Axes
  3726 | D:5      | Reached XP level 7. HP: 7/60 MP: 6/6
  4073 | D:5      | Found Ocwatib's Magic Scroll Emporium.
  4079 | D:5      | Bought a scroll of identify for 20 gold pieces
  4079 | D:5      | Bought a scroll of remove curse for 30 gold pieces
  4079 | D:5      | Bought a scroll of identify for 20 gold pieces
  4079 | D:5      | Bought a scroll of fog for 20 gold pieces
  4079 | D:5      | Bought a scroll of enchant armour for 75 gold pieces
  4118 | D:5      | Found Diqomol's General Store.
  4126 | D:5      | Bought a potion of lignification for 30 gold pieces
  4126 | D:5      | Bought a scroll of teleportation for 30 gold pieces
  4193 | D:5      | Got a sheer robe
  4204 | D:5      | Identified the +2 robe "Nienou" {rC+ SInv} (You found it on level 5 of the Dungeon)
  4221 | D:5      | Found Laes's Antique Armour Boutique.
  4239 | D:5      | Reached skill level 5 in Fighting
  4266 | D:5      | Found a staircase to the Ecumenical Temple.
  4303 | D:5      | Found Ykeun's General Store.
  4347 | D:5      | Reached * piety under the Shining One
  4484 | D:5      | Found Enuimuh's Gadget Shop.
  4778 | D:6      | Reached skill level 1 in Shields
  4894 | D:6      | Noticed bombasticus's ghost (novice GrBe)
  4904 | D:6      | Killed bombasticus's ghost
  4904 | D:6      | Reached skill level 5 in Armour
  4904 | D:6      | Reached XP level 8. HP: 46/70 MP: 7/7
  4945 | D:6      | Got a serpentine tin ring
  4947 | D:6      | Identified the ring "Buumueth" {*Tele rPois rF+} (You found it on level 6 of the Dungeon)
  5038 | D:6      | Found a runed door.
  5119 | D:6      | Reached skill level 5 in Dodging
  6017 | D:7      | Reached XP level 9. HP: 78/78 MP: 8/8
  6148 | D:7      | Reached ** piety under the Shining One
  6422 | D:8      | Found an ancient bone altar of Kikubaaqudgha.
  6771 | D:8      | Noticed a cyclops
  6782 | D:8      | Killed a cyclops
  7008 | D:5      | Bought an ancient scale mail for 225 gold pieces
  7018 | D:5      | Identified the +10 scale mail of Vehumet's Favour {+Fly rElec MR- Dex+2} (You bought it in a shop on level 5 of the Dungeon)
  7240 | D:9      | Reached skill level 1 in Bows
  7299 | D:9      | Noticed a queen bee
  7309 | D:9      | Killed a queen bee
  7366 | D:9      | Reached XP level 10. HP: 43/88 MP: 7/9
  7466 | D:9      | Found a staircase to the Orcish Mines.
  7556 | D:9      | Reached skill level 10 in Axes
  7599 | D:9      | Found a roughly hewn altar of Beogh.
  7652 | D:9      | Found a shadowy altar of Dithmenos.
  7691 | D:9      | Found a stormy altar of Qazlal.
  8294 | D:9      | Upgraded the game from 0.22-a0-238-gd711f93 to 0.22-a0-240-g539252a
  9215 | D:10     | Entered Level 10 of the Dungeon
  9235 | D:10     | Reached skill level 1 in Slings
  9257 | D:10     | Noticed an unseen horror
  9280 | D:10     | Killed an unseen horror
  9589 | D:10     | Reached *** piety under the Shining One
  9654 | D:10     | Found a staircase to the Lair.
  9740 | D:10     | Found Ubefiejo's Jewellery Boutique.
  9848 | D:10     | Noticed a manticore
  9866 | D:10     | Killed a manticore
  9866 | D:10     | Reached skill level 5 in Shields
  9866 | D:10     | Reached XP level 11. HP: 59/95 MP: 6/10
 10055 | D:10     | Noticed a deep elf mage
 10074 | D:10     | Killed a deep elf mage
 10166 | D:10     | Found an opulent altar of Gozag.
 10339 | Lair:1   | Entered Level 1 of the Lair of Beasts
 10358 | Lair:1   | Reached skill level 5 in Maces & Flails
 10511 | D:5      | Bought a glowing buckler for 187 gold pieces
 10698 | Lair:1   | Reached **** piety under the Shining One
 10726 | Lair:1   | Reached skill level 5 in Slings
 11225 | Lair:1   | Reached skill level 10 in Slings
 11225 | Lair:1   | Reached XP level 12. HP: 104/105 MP: 11/11
 11589 | Lair:2   | Reached skill level 1 in Invocations
 11597 | Lair:2   | Found a labyrinth entrance.
 11614 | Lab      | Entered a labyrinth
 11926 | Lab      | Noticed a minotaur
 11973 | Lab      | Killed a minotaur
 12294 | Lair:2   | Noticed an eight-headed hydra
 12317 | Lair:2   | Killed an eight-headed hydra
 12823 | Lair:2   | Reached skill level 10 in Fighting
 12823 | Lair:2   | Reached XP level 13. HP: 89/113 MP: 10/13
 13256 | Lair:3   | Found a dark tunnel.
 13262 | Volcano  | Entered a volcano
 13483 | Volcano  | Noticed a red draconian
 13506 | Volcano  | Killed a red draconian
 13506 | Volcano  | Reached skill level 10 in Armour
 14740 | D:5      | Bought a +1 pair of gloves of archery for 165 gold pieces
 14995 | Lair:4   | Found a hole to the Spider Nest.
 15124 | Lair:4   | Found a staircase to the Shoals.
 15936 | Lair:5   | Reached ***** piety under the Shining One
 16902 | Lair:6   | Entered Level 6 of the Lair of Beasts
 16915 | Lair:6   | Reached skill level 10 in Dodging
 16934 | Lair:6   | Found a blossoming altar of Fedhas.
 17336 | Lair:6   | Reached XP level 14. HP: 96/124 MP: 14/16
 17692 | Lair:6   | Found a staircase to the Slime Pits.
 17983 | Lair:6   | Reached skill level 5 in Invocations
 18207 | Lair:6   | Reached skill level 15 in Slings
 18630 | Lair:6   | Got a fine silver ring
 19210 | Orc:1    | Entered Level 1 of the Orcish Mines
 20834 | Orc:1    | Found a roughly hewn altar of Beogh.
 21164 | Orc:2    | Entered Level 2 of the Orcish Mines
 21164 | Orc:2    | Found a runed door.
 21271 | Orc:2    | Found a staircase to the Elven Halls.
 22081 | Orc:2    | Found a roughly hewn altar of Beogh.
 22168 | Orc:2    | Noticed Nessos
 22214 | Orc:2    | Killed Nessos
 22590 | Orc:2    | Found Leqin's Magic Scroll Emporium.
 22590 | Orc:2    | Found Riuneuf's Weapon Shop.
 22592 | Orc:2    | Found Roufots's Jewellery Boutique.
 22594 | Orc:2    | Found Kibun's Weapon Shoppe.
 22600 | Orc:2    | Bought a scroll of blinking for 105 gold pieces
 22600 | Orc:2    | Bought a scroll of enchant weapon for 105 gold pieces
 22600 | Orc:2    | Bought a scroll of brand weapon for 280 gold pieces
 22609 | Orc:2    | Bought an uncursed amulet of regeneration for 360 gold pieces
 22615 | Orc:2    | Identified the ring "Kebeeg" {AC+4 Str+4} (You found it on level 6 of the Lair of Beasts)
 22923 | Orc:2    | Reached XP level 15. HP: 127/132 MP: 18/18
 22936 | Orc:2    | Found a roughly hewn altar of Beogh.
 23369 | D:11     | Noticed Nergalle
 23374 | D:11     | Killed Nergalle
 23374 | D:11     | Reached skill level 10 in Shields
 23479 | D:11     | Noticed Psyche
 23483 | D:11     | Killed Psyche
 24024 | D:12     | Noticed Frances
 24046 | D:12     | Killed Frances
 24046 | D:12     | Reached skill level 10 in Maces & Flails
 24435 | D:12     | Reached ****** piety under the Shining One
 24497 | D:12     | Identified a +3 sacred scourge of holy wrath (a +1 demon whip of venom blessed by the Shining One)
 24497 | D:12     | Received a gift from the Shining One
 25033 | D:13     | Found a gate to the Vaults.
 25130 | D:13     | Found Siarihoj's Food Boutique.
 26228 | D:15     | Entered Level 15 of the Dungeon
 26531 | D:15     | Found a staircase to the Depths.
 26652 | D:15     | Reached XP level 16. HP: 138/143 MP: 20/20
 27109 | D:5      | Bought an uncursed ring of poison resistance for 200 gold pieces
 27298 | Spider:1 | Entered Level 1 of the Spider Nest
 29989 | Spider:3 | Reached XP level 17. HP: 141/152 MP: 23/23
 30190 | Spider:4 | Entered Level 4 of the Spider Nest
 30241 | Spider:4 | Reached skill level 15 in Dodging
 31167 | Spider:4 | Noticed Partyfoot's ghost (adept DsGl)
 31220 | Spider:4 | Killed Partyfoot's ghost
 31265 | Spider:4 | Reached skill level 10 in Invocations
 31366 | Spider:4 | Got a gossamer rune of Zot
 31651 | Shoals:1 | Entered Level 1 of the Shoals
 31673 | Shoals:1 | Noticed a kraken
 31694 | Shoals:1 | Killed a kraken
 32558 | Shoals:2 | Noticed Jorgrun
 32572 | Shoals:2 | Killed Jorgrun
 32871 | Shoals:2 | Found the +3 giant club "Skullcrusher" {speed, Str+7}
 33307 | Shoals:3 | Reached skill level 15 in Fighting
 33318 | Shoals:3 | Reached XP level 18. HP: 163/163 MP: 24/24
 33358 | Shoals:3 | Found a transporter.
 33398 | Shoals:3 | Got a wavering diamond amulet
 33399 | Shoals:3 | Identified the amulet of the Countless Lives {Faith Int+3} (You found it on level 3 of the Shoals)
 33817 | Shoals:3 | Found a transporter.
 33895 | Shoals:3 | Noticed a Brimstone Fiend
 33907 | Shoals:3 | Killed a Brimstone Fiend
 33931 | Shoals:3 | Reached skill level 15 in Armour
 33981 | Shoals:3 | Got a steaming copper ring
 33982 | Shoals:3 | Identified the ring "Xawom" {MR- Dex+4 Slay+4 SInv} (You found it on level 3 of the Shoals)
 33986 | Shoals:3 | Identified the +3 dagger "Xuopliej" {holy, Stlth+} (You found it on level 3 of the Shoals)
 33990 | Shoals:3 | Got a fine turquoise ring
 33992 | Shoals:3 | Identified the ring of No Interval {Ice *Slow Str+5} (You found it on level 3 of the Shoals)
 34007 | Shoals:3 | Got a faintly glowing pewter ring
 34008 | Shoals:3 | Identified the ring of Oxtewen {+Fly rF+ rN++ Str+3} (You found it on level 3 of the Shoals)
 34011 | Shoals:3 | Identified the cursed +1 hand axe "Rejyklij" {chop, rElec rPois rN+++ MR-} (You found it on level 3 of the Shoals)
 34081 | Shoals:4 | Entered Level 4 of the Shoals
 34357 | Shoals:4 | Noticed Ilsuiw
 34406 | Shoals:4 | Killed Ilsuiw
 34767 | Shoals:4 | Noticed Polyphemus
 34791 | Shoals:4 | HP: 7/163 [death yak[Polyphemus] (4)]
 35136 | Shoals:4 | Killed Polyphemus
 35573 | Shoals:4 | Got a crystal hunting sling
 35574 | Shoals:4 | Identified the +0 hunting sling of the Spider {venom, +Fly rElec MR+ Str+4} (You found it on level 4 of the Shoals)
 35932 | Shoals:4 | Got a barnacled rune of Zot
 36100 | Shoals:4 | Got a dazzling mace
 36412 | Vaults:1 | Entered Level 1 of the Vaults
 36934 | Vaults:1 | Reached XP level 19. HP: 172/172 MP: 26/26
 37113 | Vaults:1 | Noticed Nikola
 37130 | Vaults:1 | Killed Nikola
 37317 | Vaults:1 | Identified the +7 mace "Banisher" {holy, MP+9 Str+3 Int+4} (You found it on level 4 of the Shoals)
 37412 | Vaults:1 | Reached skill level 15 in Shields
 37414 | Vaults:1 | Noticed Donald
 37427 | Vaults:1 | Killed Donald
 38551 | Vaults:2 | Identified a scroll of acquirement
 38974 | Vaults:2 | Noticed a caustic shrike
 38974 | Vaults:2 | an iron dragon changed into a caustic shrike
 38975 | Vaults:2 | a caustic shrike changed into a shadow dragon
 40116 | Vaults:3 | Reached XP level 20. HP: 62/182 MP: 28/28
 40232 | Vaults:3 | Found a staircase to the Crypt.
 40232 | Vaults:3 | Found a basalt altar of Yredelemnul.
 40233 | Vaults:3 | Found an ancient bone altar of Kikubaaqudgha.
 40820 | Vaults:3 | Noticed Sojobo
 40849 | Vaults:3 | Killed Sojobo
 40912 | Vaults:3 | Noticed Mara
 41095 | Vaults:3 | Noticed MatthieuS's illusion
 41098 | Vaults:3 | Killed Mara
 41376 | Vaults:3 | Got an uncursed brightly glowing mace {freeze}
 41377 | Vaults:3 | Identified the +10 mace "Miurry" {freeze, *Rage rPois Dex+8} (You took it off a yaktaur on level 3 of the Vaults)
 42262 | Vaults:4 | Reached XP level 21. HP: 123/192 MP: 17/30
 42531 | Vaults:4 | Found Wieth's Distillery.
 42540 | Vaults:4 | Bought a potion of might for 92 gold pieces
 43193 | Vaults:5 | Entered Level 5 of the Vaults
 43203 | Vaults:5 | Reached skill level 15 in Maces & Flails
 43892 | Vaults:5 | Noticed a golden dragon
 43892 | Vaults:5 | Noticed a golden dragon
 43906 | Vaults:5 | Killed a golden dragon
 43911 | Vaults:5 | Killed a golden dragon
 43960 | Vaults:5 | Got a steaming glass ring
 43961 | Vaults:5 | Identified the ring "Daeppelyo" {rElec MR+ Str+8} (You took it off a deep elf knight on level 5 of the Vaults)
 44297 | Vaults:5 | Got a coiled ivory ring
 44299 | Vaults:5 | Identified the ring "Qefiten" {rC+ rN+ SInv} (You found it on level 5 of the Vaults)
 44684 | Vaults:5 | Reached XP level 22. HP: 201/201 MP: 31/31
 44957 | Vaults:5 | Got a silver rune of Zot
 45034 | Vaults:5 | Found Sostayqu's Magic Scroll Shop.
 45052 | Vaults:5 | Bought a scroll of summoning for 209 gold pieces
 45052 | Vaults:5 | Bought a scroll of brand weapon for 440 gold pieces
 45052 | Vaults:5 | Bought a scroll of summoning for 209 gold pieces
 45052 | Vaults:5 | Bought a scroll of blinking for 165 gold pieces
 45457 | Vaults:5 | Identified Ohuih's Disquisition on Orientation
 45741 | Vaults:5 | Noticed a golden dragon
 45747 | Vaults:5 | Killed a golden dragon
 45779 | Vaults:5 | Found Osmolum's Distillery.
 45783 | Vaults:5 | Bought a potion of curing for 51 gold pieces
 45783 | Vaults:5 | Bought a potion of curing for 51 gold pieces
 45783 | Vaults:5 | Bought a potion of heal wounds for 85 gold pieces
 45783 | Vaults:5 | Bought 2 potions of heal wounds for 170 gold pieces
 45783 | Vaults:5 | Bought a potion of heal wounds for 85 gold pieces
 45783 | Vaults:5 | Bought a potion of heal wounds for 85 gold pieces
 45783 | Vaults:5 | Bought a potion of curing for 51 gold pieces
 45820 | Vaults:5 | Found Far Vynk's Magic Scroll Shoppe.
 45824 | Vaults:5 | Bought a scroll of blinking for 157 gold pieces
 45824 | Vaults:5 | Bought a scroll of holy word for 157 gold pieces
 45824 | Vaults:5 | Bought a scroll of teleportation for 63 gold pieces
 45824 | Vaults:5 | Bought a scroll of teleportation for 63 gold pieces
 45824 | Vaults:5 | Bought a scroll of fear for 73 gold pieces
 45824 | Vaults:5 | Bought a scroll of summoning for 199 gold pieces
 45824 | Vaults:5 | Bought a scroll of enchant weapon for 157 gold pieces
 45824 | Vaults:5 | Bought a scroll of teleportation for 63 gold pieces
 45824 | Vaults:5 | Bought a scroll of enchant weapon for 157 gold pieces
 45824 | Vaults:5 | Bought a scroll of immolation for 73 gold pieces
 46203 | Depths:1 | Entered Level 1 of the Depths
 46419 | Depths:1 | Found a gateway to Hell.
 46426 | Depths:1 | Paralysed by a floating eye for 3 turns
 46482 | Depths:1 | Noticed the Enchantress
 46507 | Depths:1 | Killed the Enchantress
 46539 | Depths:1 | Got faerie dragon scales
 46576 | Depths:1 | Identified the +1 faerie dragon scales {rCorr MP+9} (You took it off the Enchantress on level 1 of the Depths)
 47409 | Depths:2 | Found a gateway to a ziggurat.
 47599 | Depths:2 | Found Fodah's Jewellery Shoppe.
 47650 | Depths:2 | Reached skill level 15 in Invocations
 47874 | Depths:2 | Found the +0 pair of fencer's gloves {+Riposte Dex+3}
 47969 | Depths:2 | Noticed a caustic shrike
 47979 | Depths:2 | Noticed a golden dragon
 47988 | Depths:2 | Killed a caustic shrike
 47988 | Depths:2 | Reached XP level 23. HP: 151/211 MP: 33/33
 47990 | Depths:2 | Found the +8 glaive of the Guard {elec, +Rage AC+5 SInv}
 48556 | Depths:2 | Found a one-way gate leading to the halls of Pandemonium.
 48756 | Depths:3 | Noticed Xtahua
 48778 | Depths:3 | Killed Xtahua
 49017 | Depths:3 | Noticed a juggernaut
 49037 | Depths:3 | Killed a juggernaut
 49151 | Depths:3 | Noticed a juggernaut
 49163 | Depths:3 | Killed a juggernaut
 50152 | Depths:3 | Reached XP level 24. HP: 222/222 MP: 33/33
 50679 | Depths:4 | Found a sacrificial altar of Ru.
 50682 | Depths:4 | Found a one-way gate to the infinite horrors of the Abyss.
 50726 | Depths:4 | Upgraded the game from 0.22-a0-240-g539252a to 0.22-a0-246-gdc04c06
 50778 | Depths:4 | Noticed a juggernaut
 50790 | Depths:4 | HP: 10/222 [acid (5)]
 50791 | Depths:4 | Noticed a juggernaut
 51458 | Depths:4 | Found a deep blue altar of Sif Muna.
 51465 | Depths:4 | Found the +3 pair of gauntlets of War {Slay+5}
 51511 | Depths:4 | Killed a juggernaut
 51538 | Depths:4 | Killed a juggernaut
 51619 | Depths:4 | Got a crude lead ring
 51626 | Depths:4 | Got a steaming granite ring
 51655 | Depths:4 | Got an encrusted large shield
 51667 | Depths:4 | Identified the +3 large shield of the Greedy {Int+3} (You acquired it on level 4 of the Depths)
 51670 | Depths:4 | Identified the ring "Ihuheac" {rPois Str+3 Int+9 Dex-3 SInv} (You took it off a tengu warrior on level 4 of the Depths)
 51671 | Depths:4 | Identified the ring "Eluomm" {rPois rF+ Str+3} (You took it off a hell knight on level 4 of the Depths)
 52018 | Depths:4 | Found a glowing golden altar of the Shining One.
 52052 | Depths:4 | Found a sparkling altar of Nemelex Xobeh.
 52363 | Depths:5 | Entered Level 5 of the Depths
 52410 | Depths:5 | Reached XP level 25. HP: 186/231 MP: 34/34
 52443 | Depths:5 | Noticed a juggernaut
 52454 | Depths:5 | Killed a juggernaut
 52519 | Depths:5 | Identified the +13 chain mail of Freedom {rElec rF+ Dex+4} (You found it on level 5 of the Depths)
 52682 | Depths:5 | Found a gate to the Realm of Zot.
 53756 | Zot:1    | Entered Level 1 of the Realm of Zot
 55368 | Zot:2    | Reached XP level 26. HP: 213/242 MP: 34/34
 57701 | Zot:4    | Noticed an orb of fire
 57735 | Zot:4    | Gained mutation: Your magical capacity is low. (-10% MP) [an orb of fire]
 57746 | Zot:4    | Killed an orb of fire
 57824 | Zot:5    | Entered Level 5 of the Realm of Zot
 57824 | Zot:5    | Noticed an orb of fire
 57826 | Zot:5    | Gained mutation: You tend to lose your temper in combat. [an orb of fire]
 57828 | Zot:5    | Gained mutation: You are frail. (-10% HP) [an orb of fire]
 57839 | Zot:5    | Gained mutation: You are occasionally teleported next to monsters. [an orb of fire]
 57841 | Zot:5    | Gained mutation: You expend magic power (3 MP) to strengthen your wands. [an orb of fire]
 57843 | Zot:5    | Gained mutation: Armour fits poorly on your strangely shaped body. [an orb of fire]
 57848 | Zot:5    | Killed an orb of fire
 57865 | Zot:5    | Noticed enarc13's ghost (legendary OpEE)
 57871 | Zot:5    | Noticed an orb of fire
 57877 | Zot:5    | Killed enarc13's ghost
 57877 | Zot:5    | Reached XP level 27. HP: 208/228 MP: 31/31
 57890 | Zot:5    | Killed an orb of fire
 58219 | Zot:5    | Noticed an ancient lich
 58219 | Zot:5    | Noticed an ancient lich
 58220 | Zot:5    | Noticed an orb of fire
 58239 | Zot:5    | Gained mutation: Your body sometimes deteriorates upon taking damage. [an orb of fire]
 58242 | Zot:5    | Gained mutation: You are very frail. (-20% HP) [an orb of fire]
 58244 | Zot:5    | Gained mutation: Your magical capacity is very low. (-20% MP) [an orb of fire]
 58247 | Zot:5    | Killed an orb of fire
 58249 | Zot:5    | Killed an ancient lich
 58256 | Zot:5    | Killed an ancient lich
 58272 | Zot:5    | Noticed an orb of fire
 58288 | Zot:5    | Killed an orb of fire
 58332 | Zot:5    | Noticed an ancient lich
 58342 | Zot:5    | Killed an ancient lich
 58396 | Zot:5    | Noticed an ancient lich
 58407 | Zot:5    | Killed from afar by an ancient lich

Vault maps used:
D:1:      lemuel_arrival_muddy
D:2:      first_ration
D:4:      grunt_temple_overflow_open, lemuel_doored_altar
D:5:      temple_green, serial_shops, nicolae_shop_trees,
          nicolae_shop_behind_doors, shop, kennysheep_mini_moat,
          nicolae_shop_crystal, serial_glass, glass_columns_a, glass_columns_c,
          minmay_misc_feat_ornament
D:6:      uniq_crazy_yiuf_cottage
D:8:      basic_altar
D:9:      minmay_orc_entry_temple_small, basic_altar, moated_statue,
          david_nohive_1, lemuel_centaur_altar
D:10:     minmay_flawed_box, erik_lair_orcish_takeover, serial_shops,
          nicolae_shop_competitors_out_of_business, lemuel_tele_altar
D:11:     uniq_psyche, uniq_nergalle
D:12:     uniq_frances
D:13:     erik_vaults_2, serial_shops, kennysheep_mini
D:15:     grunt_enter_depths_hoard, minmay_misc_feat_columns
Lair:1:   grunt_megastairs_3
Lair:2:   lab_entry_generic
Lair:3:   enter_volcano_3
Lair:4:   shoals_dummy_entry, nicolae_spider_entry_non_spiders,
          serial_bayou_shore_a
Lair:5:   st_stairs_12, wad_woods_road_04, grunt_megastairs_4
Lair:6:   evilmike_catoblepas_cave, slime_dummy, basic_altar, st_stairs_13
Shoals:1: cheibrodos_shoals_epimethial_gifts
Shoals:2: uniq_jorgrun
Shoals:3: gammafunk_its_a_trap
Shoals:4: shoals_end_simple, shoal_ilsuiw, uniq_polyphemus
Spider:4: grunt_spider_rune_parallel, spider_trap
Orc:1:    basic_altar, serial_shops, special_room, nicolae_orc_rich_vein
Orc:2:    st_orc_rangers, basic_altar, lightli_church_of_beogh, uniq_nessos
Vaults:1: hangedman_vaults_corner_blocks, v_misc_4,
          nicolae_vaults_little_squares_1, hangedman_vaults_locks,
          hangedman_vaults_stitches, grunt_vaults_twisty,
          vaults_room_stairs_pillars, vaults_standard_mumra_x,
          vaults_room_glass_cross, hangedman_vaults_corner,
          vaults_room_door_ring, v_misc_13, uniq_donald, uniq_nikola
Vaults:2: hangedman_vaults_pinch, grunt_vaults_hallway_long,
          ontoclasm_vaults_tryst, st_squares, vaults_room_stairs_pillars,
          hangedman_vaults_slice, v_misc_11, vaults_mumra_hex,
          hangedman_vaults_nodes, v_misc_1, nicolae_vaults_specimen_jars,
          v_misc_25, ontoclasm_vaults_decontamination,
          ontoclasm_vaults_shuriken, vaults_room_stairs_pillars,
          nicolae_vaults_little_squares_4, v_misc_14,
          ontoclasm_vaults_ring_square
Vaults:3: vaults_room_ringed_pool, v_misc_3, vaults_room_hallway, v_misc_27,
          v_misc_8, v_rooms_4, minmay_crypt_entry_necro_gods, vaults_dpeg_ring,
          dpeg_vaults_monster_box, nicolae_vaults_gold_heap,
          nicolae_vaults_ring_of_whatevers, uniq_sojobo, uniq_mara
Vaults:4: v_misc_19, v_misc_15, nicolae_vaults_network_star, vaults_room_pool,
          vaults_dpeg_hooks, ontoclasm_vaults_chip,
          nicolae_vaults_ninety_degrees, serial_shops, nicolae_shop_waterfront
Depths:1: hell_entry, spider_trap, kennysheep_generic_room_11,
          kennysheep_random_hallway, grunt_megastairs_2, uniq_enchantress
Depths:2: minmay_guarded_unrand_guard, enter_ziggurat_b, rand_demon_pan_entry_4,
          serial_shops, shop, hell_entry, serial_bayou_pond_b,
          infiniplex_staircase_pool_2, basic_stair_grate_trap
Depths:3: minmay_spiral_squares, pf_dread_powers_of_hell,
          rand_demon_pan_entry_3, water_maze_lemuel, uniq_xtahua
Depths:4: grunt_profane_halls, hell_entry, abyss_entry
Depths:5: grunt_zot_entry_pinwheel, minmay_misc_feat_rows,
          grunt_hell_entry_dis_mu
Zot:1:    st_large_dragon_hoard_4
Zot:2:    kennysheep_spiral_hall
Zot:3:    stair_cage_open
Zot:4:    zot_minivault_1
Zot:5:    st_stairs_12, nicolae_lava_and_water, grunt_ministairs_7
Lab:      nicolae_lab_swirl, labyrinth_lava_lair, nicolae_lab_grate
Volcano:  volcano_pools

Skill      XL: |  1  2  3  4  5  6  7  8  9 10 11 12 13 14 15 16 17 18 19 20 21 22 23 24 25 26 27 |
---------------+----------------------------------------------------------------------------------+-----
Armour         | 1 2 3 4 5 7 8 9 10 11 12 13 14 15 16 17 18 19 20 21 22 | 22.9
Fighting       | 3 4 5 6 7 8 9 10 11 12 13 14 15 16 17 18 19 20 21 22 23 | 23.0
Axes           | 1 2 3 5 7 8 9 10 | 10.1
Dodging        | 2 3 4 5 6 7 8 9 10 11 13 14 16 17 18 19 20 21 22 23 | 23.1
Maces & Flails | 1 4 5 6 8 9 10 12 13 14 15 16 17 18 19 20 21 | 21.2
Shields        | 2 3 4 5 6 8 9 11 12 13 14 15 16 17 18 19 20 21 22 | 22.4
Bows           | 2 3 |  3.6
Slings         | 3 10 11 14 15 17 18 | 18.0
Invocations    | 2 4 6 7 9 10 11 12 13 14 15 16 17 18 19 | 19.0
Short Blades   | |  2.1
Throwing       | |  2.0
Stealth        | |  3.2

Action                   |  1- 3 |  4- 6 |  7- 9 | 10-12 | 13-15 | 16-18 | 19-21 | 22-24 | 25-27 || total
-------------------------+-------+-------+-------+-------+-------+-------+-------+-------+-------++-------
Melee: Dagger            |    26 |       |       |       |       |       |       |       |       ||    26
       Headbutt          |    14 |    17 |    49 |    82 |   269 |   292 |   404 |   532 |   256 ||  1915
       Hand axe          |    18 |       |       |       |       |       |       |       |       ||    18
       Whip              |    58 |   121 |   230 |   362 |   757 |       |       |       |       ||  1528
       Sacred scourge    |       |       |       |       |   172 |  1162 |  1147 |  1276 |   645 ||  4402
       Mace              |       |       |       |       |       |       |    59 |       |       ||    59
 Fire: Fustibalus        |       |       |       |   156 |  1139 |   819 |   526 |   424 |   739 ||  3803
       Hunting sling     |       |       |       |       |       |   217 |   154 |       |       ||   371
Throw: Throwing net      |       |       |       |       |     1 |       |       |       |       ||     1
Invok: Divine Shield     |       |       |       |     1 |     3 |     3 |     9 |     5 |     2 ||    23
       Cleansing Flame   |       |       |       |       |     3 |    10 |    15 |    14 |     5 ||    47
       Brand Weapon With |       |       |       |       |     1 |       |       |       |       ||     1
       Summon Divine War |       |       |       |       |       |     4 |     3 |     2 |     2 ||    11
Evoke: Wand              |       |       |     3 |     2 |     8 |       |       |     1 |       ||    14
  Use: Potion            |       |     3 |     4 |     2 |     2 |     3 |     3 |       |     1 ||    18
       Scroll            |       |       |    16 |    10 |    24 |    10 |     8 |    14 |     7 ||    89
 Stab: Sleeping          |     4 |     1 |       |       |       |       |       |       |       ||     5
  Eat: Chunk             |     3 |     6 |     9 |    12 |    32 |    27 |    26 |    28 |    20 ||   163
       Ration            |       |       |     1 |     2 |     3 |     3 |       |       |       ||     9
Armor: Robe              |     6 |       |    19 |       |       |       |       |       |       ||    25
       Leather armour    |     9 |       |       |       |       |       |       |       |       ||     9
       Ring mail         |    14 |    10 |       |       |       |       |       |       |       ||    24
       Scale mail        |       |    18 |    28 |   161 |       |       |       |       |       ||   207
       Chain mail        |       |    23 |    19 |       |       |       |       |       |       ||    42
       Ice dragon scales |       |       |       |     8 |   365 |   681 |    92 |       |       ||  1146
       Gold dragon scale |       |       |       |       |       |       |   354 |   439 |   238 ||  1031
Dodge: Dodged            |    61 |    61 |   144 |   271 |   638 |  1059 |   657 |   644 |   299 ||  3834
Block: Buckler           |       |       |    39 |   130 |   585 |   904 |   875 |   775 |       ||  3308
       Large shield      |       |       |       |       |       |       |       |    96 |   929 ||  1025

Table legend:
 A = Spawn XP
 B = Non-spawn XP
 C = Spawn XP percentage of total XP
 D = Spawn monster count
 E = Non-spawn monster count
 F = Spawn count percentage of total count
 G = Total turns spent on level
                    A         B        C        D         E        F      G
               +---------+---------+-------+---------+---------+-------+---------
         Total |       0 | 1643310 |   0.0 |       0 |    2294 |   0.0 | 58407
               +---------+---------+-------+---------+---------+-------+---------
           D:1 |       0 |      50 |   0.0 |       0 |      26 |   0.0 |  1214
           D:2 |       0 |      49 |   0.0 |       0 |      12 |   0.0 |  1101
           D:3 |       0 |     144 |   0.0 |       0 |      17 |   0.0 |   743
           D:4 |       0 |     433 |   0.0 |       0 |      27 |   0.0 |  1215
           D:5 |       0 |     357 |   0.0 |       0 |       8 |   0.0 |   894
           D:6 |       0 |    1214 |   0.0 |       0 |      21 |   0.0 |   983
           D:7 |       0 |     664 |   0.0 |       0 |      20 |   0.0 |  1460
           D:8 |       0 |    1193 |   0.0 |       0 |      10 |   0.0 |   793
           D:9 |       0 |    4838 |   0.0 |       0 |      51 |   0.0 |  2677
          D:10 |       0 |    5131 |   0.0 |       0 |      46 |   0.0 |  1290
          D:11 |       0 |    4024 |   0.0 |       0 |      18 |   0.0 |   678
          D:12 |       0 |    7679 |   0.0 |       0 |      28 |   0.0 |   863
          D:13 |       0 |   11801 |   0.0 |       0 |      27 |   0.0 |   904
          D:14 |       0 |   11738 |   0.0 |       0 |      51 |   0.0 |   960
          D:15 |       0 |   16961 |   0.0 |       0 |      39 |   0.0 |   707
        Lair:1 |       0 |    5049 |   0.0 |       0 |      24 |   0.0 |   988
        Lair:2 |       0 |    5257 |   0.0 |       0 |      17 |   0.0 |  1171
        Lair:3 |       0 |    6096 |   0.0 |       0 |      24 |   0.0 |  1339
        Lair:4 |       0 |   14993 |   0.0 |       0 |      49 |   0.0 |  1477
        Lair:5 |       0 |   10230 |   0.0 |       0 |      42 |   0.0 |  1203
        Lair:6 |       0 |   22899 |   0.0 |       0 |      50 |   0.0 |  2182
      Shoals:1 |       0 |   16510 |   0.0 |       0 |      26 |   0.0 |   909
      Shoals:2 |       0 |   12021 |   0.0 |       0 |      21 |   0.0 |   773
      Shoals:3 |       0 |   17283 |   0.0 |       0 |      33 |   0.0 |  1304
      Shoals:4 |       0 |   55893 |   0.0 |       0 |      92 |   0.0 |  1583
      Spider:1 |       0 |   13651 |   0.0 |       0 |      36 |   0.0 |   798
      Spider:2 |       0 |   23301 |   0.0 |       0 |      65 |   0.0 |  1035
      Spider:3 |       0 |   14635 |   0.0 |       0 |      44 |   0.0 |   529
      Spider:4 |       0 |   40774 |   0.0 |       0 |      88 |   0.0 |  1394
         Orc:1 |       0 |    9871 |   0.0 |       0 |      57 |   0.0 |  1482
         Orc:2 |       0 |    8004 |   0.0 |       0 |      72 |   0.0 |  1211
      Vaults:1 |       0 |   55288 |   0.0 |       0 |      84 |   0.0 |  1802
      Vaults:2 |       0 |   50486 |   0.0 |       0 |      86 |   0.0 |  1810
      Vaults:3 |       0 |   87044 |   0.0 |       0 |     112 |   0.0 |  2048
      Vaults:4 |       0 |   80333 |   0.0 |       0 |     116 |   0.0 |  1822
      Vaults:5 |       0 |  123541 |   0.0 |       0 |     123 |   0.0 |  2210
      Depths:1 |       0 |   46128 |   0.0 |       0 |      55 |   0.0 |  1168
      Depths:2 |       0 |   91713 |   0.0 |       0 |      87 |   0.0 |  1385
      Depths:3 |       0 |  103633 |   0.0 |       0 |      87 |   0.0 |  2231
      Depths:4 |       0 |  141406 |   0.0 |       0 |     137 |   0.0 |  1376
      Depths:5 |       0 |   82003 |   0.0 |       0 |      54 |   0.0 |  1393
         Zot:1 |       0 |   92143 |   0.0 |       0 |      56 |   0.0 |  1571
         Zot:2 |       0 |   51496 |   0.0 |       0 |      28 |   0.0 |   844
         Zot:3 |       0 |   78568 |   0.0 |       0 |      45 |   0.0 |  1115
         Zot:4 |       0 |   39114 |   0.0 |       0 |      20 |   0.0 |   538
         Zot:5 |       0 |  173165 |   0.0 |       0 |      55 |   0.0 |   583
           Lab |       0 |    1231 |   0.0 |       0 |       1 |   0.0 |   384
       Volcano |       0 |    3275 |   0.0 |       0 |       7 |   0.0 |   267
               +---------+---------+-------+---------+---------+-------+---------
